 Dungeon Crawl Stone Soup version 0.25.1-2-g60ff931df9 (webtiles) character file.

Game seed: 14213800388658427934

347 Araneus the Cudgeler (level 6, -4/47 HPs)
             Began as a Mummy Fighter on Nov 17, 2020.
             Killed by divine providence
             ... invoked by an orc priest
              (15 damage)
             ... on level 3 of the Dungeon on Nov 19, 2020.
             The game lasted 00:06:42 (2351 turns).

Araneus the Cudgeler (Mummy Fighter)                Turns: 2351, Time: 00:06:43

Health: -4/47      AC:  6    Str: 22    XL:     6   Next: 33%
Magic:  6/6        EV:  7    Int:  7    God:
Gold:   157        SH: 10    Dex: 11    Spells: 5/5 levels left

rFire    x . .     SeeInvis .   a - +0 flail
rCold    + . .     Gourm    .   c - +1 kite shield
rNeg     + + +     Faith    .   b - +0 scale mail
rPois    ∞         Spirit   .   (no helmet)
rElec    .         Reflect  .   (no cloak)
rCorr    .         Harm     .   (no gloves)
MR       .....                  (no boots)
Stlth    ..........             (no amulet)
HPRegen  0.15/turn              (no ring)
MPRegen  0.10/turn              (no ring)

@: no status effects
A: no food or potions, fire vulnerability, cold resistance 1, negative energy
resistance 3, torment resistance, unbreathing
a: no special abilities


You were on level 3 of the Dungeon.
You were not hungry.

You visited 1 branch of the dungeon, and saw 3 of its levels.

You collected 157 gold pieces.

Inventory:

Hand Weapons
 a - a +0 flail (weapon)
Armour
 b - a +0 scale mail (worn)
 c - a +1 kite shield (worn)
Scrolls
 d - a scroll of enchant armour
 e - a scroll of magic mapping {unknown}
 f - a scroll of fog {unknown}
 g - a scroll of immolation {unknown}
 h - a scroll of identify {unknown}
 i - 2 scrolls of remove curse {unknown}
 j - a scroll of amnesia {unknown}
 k - a scroll of blinking {unknown}


   Skills:
 - Level 3.0 Fighting
 + Level 5.6 Maces & Flails
 - Level 2.4 Armour
 - Level 2.4 Shields


You had 5 spell levels left.
You didn't know any spells.
Your spell library was empty.

Dungeon Overview and Level Annotations

Branches:
Dungeon (3/15)

Altars:


Innate Abilities, Weirdness & Mutations

You do not eat or drink.
Your flesh is vulnerable to fire.
You are immune to poison.
Your flesh is cold resistant. (rC+)
You are immune to negative energy. (rN+++)
You are immune to unholy pain and torment.
You can survive without breathing.


Message History

The orc priest hits you but does no damage.
You block the orc's attack.
You closely miss the orc priest. The orc hits you.
The orc priest looks encouraged for a moment.
You block the orc's attack. The orc hits you but does no damage.
The orc hits you.
The orc priest hits you but does no damage.
You thump the orc priest!
The orc priest is almost dead.
The orc hits you with a +0 morningstar. The orc hits you but does no damage.
The orc hits you with a +0 flail!
* * * LOW HITPOINT WARNING * * *
The orc priest hits you with a +0 short sword.
* * * LOW HITPOINT WARNING * * *
You block the orc's attack. x2
The orc hits you but does no damage. You block the orc's attack.
The orc priest calls down the wrath of Beogh upon you.
Beogh smites you!
You die...

.# #.........#
..#####...#...#.###
.................#
######.......#..#..#.#
#....<.#.............#
#..###.............#
##[##.........#
...#..........##
.....#..@......$.#
#####.###go.........#
#.....# #.ooo....$#.# .#
#.....###..oo(...##.#
...###................# #
...............###....##.#..
..>.......÷...÷.†(>.........
###.............#..#.####...
#...###..............#


You could see an orc priest, 5 orcs and a hobgoblin.

Vanquished Creatures
  Sigmund (D:2)
  An orc wizard (D:3)
  Terence (D:2)
  4 adders
  5 oozes
  2 worms (D:2)
  A dart slug (D:2)
  2 leopard geckos (D:1)
  An orc (D:3)
  3 giant cockroaches
  9 goblins
  3 hobgoblins
  4 jackals (D:2)
  8 kobolds
  4 quokkas
  7 bats
  7 frilled lizards
  5 rats
68 creatures vanquished.

Notes
Turn   | Place    | Note
-------+----------+-------------------------------------------
     0 | D:1      | Araneus the Mummy Fighter began the quest for the Orb.
     0 | D:1      | Reached XP level 1. HP: 18/18 MP: 1/1
    53 | D:1      | Reached skill level 2 in Maces & Flails
    68 | D:1      | Reached XP level 2. HP: 24/24 MP: 2/2
   413 | D:1      | Reached XP level 3. HP: 29/29 MP: 3/3
   416 | D:1      | Reached skill level 3 in Maces & Flails
   847 | D:2      | Noticed Terence
   856 | D:2      | Killed Terence
   856 | D:2      | Reached XP level 4. HP: 24/35 MP: 4/4
  1014 | D:2      | You fall into a shaft and drop 1 floor!
  1038 | D:3      | Reached skill level 4 in Maces & Flails
  1136 | D:2      | HP: 1/35 [hobgoblin (4)]
  1150 | D:2      | HP: 1/35 [adder (1)]
  1594 | D:2      | Reached XP level 5. HP: 41/41 MP: 5/5
  1931 | D:2      | Noticed Sigmund
  1947 | D:2      | Killed Sigmund
  1947 | D:2      | Reached skill level 5 in Maces & Flails
  1947 | D:2      | Reached XP level 6. HP: 25/47 MP: 6/6
  2351 | D:3      | Killed from afar by an orc priest

Illustrated notes

Levels and vault maps discovered:
D:1:      minmay_arrival_checkered_box, layout_loops_ring
D:2:      layout_basic, uniq_sigmund, uniq_terence
D:3:      layout_rooms, first_ration

Skill      XL: |  1  2  3  4  5 |
---------------+----------------+-----
Maces & Flails | 2 3 4 5 |  5.6
Fighting       | |  3.0
Armour         | |  2.4
Shields        | |  2.4

Action                   |  1- 3 |  4- 6 || total
-------------------------+-------+-------++-------
Melee: Flail             |   138 |   150 ||   288
  Use: Scroll            |       |     1 ||     1
Armor: Scale mail        |    55 |    83 ||   138
Dodge: Dodged            |    41 |    49 ||    90
Block: Kite shield       |    61 |    84 ||   145
